[Event "European-ch Seniors 2018"]
[Site "Drammen"]
[Date "2018.08.11"]
[Round "8"]
[White "Gruzmann, Boris"]
[Black "Schouten, Nico"]
[Result "1-0"]
[ECO "C62"]
[WhiteElo "2183"]
[BlackElo "2126"]
[Annotator "NA"]
[PlyCount "135"]
[EventDate "2018.08.04"]
[EventType "swiss"]
[EventCountry "NOR"]
[SourceTitle "playchess.com"]
[Source "ChessBase"]
[SourceQuality "1"]
[TimeControl "40/5400+30:1800+30"]

1. e4 e5 2. Nf3 Nc6 3. Bb5 d6 4. d4 exd4 5. Nxd4 Bd7 6. Nc3 Nf6 7. O-O Be7 8. h3 Nxd4 9. Bxd7+ Qxd7 10. Qxd4 O-O 11. Bg5 Rfe8 12. Rad1 Qc6 13. Rfe1 Nd7 14. Bxe7 Rxe7 15. Re3 f6 16. Nd5 Rf7 17. Rc3 Nc5 18. b4 Ne6 19. Rxc6 Nxd4 20. Rxc7 Rxc7 21. Nxc7 Ne2+ 22. Kf1 Rc8 23. Kxe2 Rxc7 24. Kd3 Kf7 25. c4 Ke6 26. f4 h5 27. g4 Rc8 28. f5+ Kf7 29. Rg1 hxg4 30. Rxg4 Rh8 31. Rg3 a5 32. a3 axb4 33. axb4 Ra8 34. Kd4 Ra1 35. c5 dxc5+ 36. bxc5 Ra4+ 37. Kd5 Rb4 38. e5 fxe5 39. Kxe5 Rc4 40. Kd5 Rc1 41. Rb3 Rd1+ 42. Ke5 Rd7 43. Rb6 Kf8 44. h4 Kg8 45. h5 Re7+ 46. Re6 Rf7 47. h6 gxh6 48. Rxh6 Rc7 49. Rg6+ Kf7 50. Kd6 Rc8 51. Kd5 Rd8+ 52. Rd6 Rb8 53. Rd7+ Kf6 54. Kd6 Kxf5 55. Kc7 Ra8 56. Kxb7 Ra1 57. Re7 Rb1+ 58. Kc7 Kf6 59. Re2 Rb3 60. c6 Kf7 61. Kd7 Rd3+ 62. Kc8 Rc3 63. c7 Rb3 64. Re4 Rb2 65. Kd7 Rd2+ 66. Kc6 Rc2+ 67. Kb6 Rc1 68. Rb4 1-0

[Event "European-ch Seniors 2018"]
[Site "Drammen"]
[Date "2018.08.11"]
[Round "8"]
[White "Gayson, Peter M"]
[Black "Holst, Conny"]
[Result "1/2-1/2"]
[ECO "B73"]
[WhiteElo "2150"]
[BlackElo "2147"]
[Annotator "NA"]
[PlyCount "55"]
[EventDate "2018.08.04"]
[EventType "swiss"]
[EventCountry "NOR"]
[SourceTitle "playchess.com"]
[Source "ChessBase"]
[SourceQuality "1"]
[TimeControl "40/5400+30:1800+30"]

1. e4 c5 2. Nf3 d6 3. d4 cxd4 4. Nxd4 Nf6 5. Nc3 Nc6 6. f4 g6 7. Be2 Bg7 8. Be3 O-O 9. O-O Qb6 10. Qd3 Ng4 11. Nd5 Bxd4 12. Bxg4 Bxe3+ 13. Qxe3 Qxe3+ 14. Nxe3 Bxg4 15. Nxg4 Rac8 16. c3 Kg7 17. Ne3 Na5 18. Rf2 Nc4 19. Nd5 e6 20. Nb4 Na5 21. Rd1 Rfd8 22. Rfd2 Nc4 23. Re2 a5 24. Nd3 b5 25. Ne1 Nb6 26. Red2 d5 27. Rd4 Kf8 28. Kf2 1/2-1/2

[Event "European-ch Seniors 2018"]
[Site "Drammen"]
[Date "2018.08.11"]
[Round "8"]
[White "Mednikova, Svetlana"]
[Black "Birkholz, Olga"]
[Result "1/2-1/2"]
[ECO "B00"]
[WhiteElo "2110"]
[BlackElo "2048"]
[Annotator "NA"]
[PlyCount "74"]
[EventDate "2018.08.04"]
[EventType "swiss"]
[EventCountry "NOR"]
[SourceTitle "playchess.com"]
[Source "ChessBase"]
[SourceQuality "1"]
[TimeControl "40/5400+30:1800+30"]

1. e4 b6 2. d4 Bb7 3. Nc3 e6 4. Nf3 g6 5. Bd3 Bg7 6. Bg5 f6 7. Be3 Nh6 8. h3 Qe7 9. Qd2 Nf7 10. O-O-O a5 11. d5 O-O 12. Nd4 e5 13. Nde2 d6 14. h4 Nd7 15. g3 Nc5 16. f4 Nxd3+ 17. cxd3 Bc8 18. Rdf1 Bg4 19. Ng1 a4 20. a3 Qd7 21. Nf3 b5 22. Na2 c5 23. fxe5 Nxe5 24. Nxe5 fxe5 25. Rxf8+ Rxf8 26. Qe1 Rc8 27. Kb1 Qc7 28. Rh2 Rf8 29. Rf2 Rxf2 30. Qxf2 Qb7 31. Qd2 Qc7 32. Qc2 Qb7 33. Qd2 Qc7 34. Nc1 Bf3 35. Qf2 Bg4 36. Qd2 Bf3 37. Qf2 Bg4 1/2-1/2

[Event "European-ch Seniors 2018"]
[Site "Drammen"]
[Date "2018.08.11"]
[Round "8"]
[White "Ashby, Anthony C"]
[Black "Fatalibekova, Elena"]
[Result "1/2-1/2"]
[ECO "A44"]
[WhiteElo "2055"]
[BlackElo "2181"]
[Annotator "NA"]
[PlyCount "29"]
[EventDate "2018.08.04"]
[EventType "swiss"]
[EventCountry "NOR"]
[SourceTitle "playchess.com"]
[Source "ChessBase"]
[SourceQuality "1"]
[TimeControl "40/5400+30:1800+30"]

1. d4 c5 2. d5 e5 3. c4 d6 4. Nc3 g6 5. e4 Bg7 6. Nf3 Ne7 7. h4 Bg4 8. Be2 h6 9. Nh2 Bxe2 10. Qxe2 Nd7 11. Be3 a6 12. g4 Qa5 13. Nf1 h5 14. g5 O-O-O 15. O-O-O 1/2-1/2

[Event "European-ch Seniors 2018"]
[Site "Drammen"]
[Date "2018.08.11"]
[Round "8"]
[White "Svensson, Leif 1940"]
[Black "Moen, Ole Christian"]
[Result "0-1"]
[ECO "D01"]
[WhiteElo "2052"]
[BlackElo "2228"]
[Annotator "NA"]
[PlyCount "80"]
[EventDate "2018.08.04"]
[EventType "swiss"]
[EventCountry "NOR"]
[SourceTitle "playchess.com"]
[Source "ChessBase"]
[SourceQuality "1"]
[TimeControl "40/5400+30:1800+30"]

1. d4 Nf6 2. Nc3 d5 3. Bg5 c6 4. e3 Nbd7 5. f4 Qa5 6. Bd3 Ne4 7. Nf3 Nxc3 8. Qd2 f6 9. Bh4 e5 10. fxe5 Bb4 11. O-O Ne4 12. Qe2 Be7 13. exf6 Ndxf6 14. Ne5 Be6 15. a3 O-O-O 16. c4 g5 17. Be1 Qc7 18. c5 Rdf8 19. b4 Nd7 20. Nf3 g4 21. Bxe4 dxe4 22. Nd2 Rxf1+ 23. Qxf1 Rf8 24. Qe2 Nf6 25. Bg3 Qd7 26. a4 Bd8 27. b5 Bc7 28. Bh4 Bd5 29. Rb1 g3 30. h3 Ne8 31. b6 axb6 32. cxb6 Rf2 33. Qe1 Bd6 34. a5 Ng7 35. a6 bxa6 36. b7+ Kb8 37. Nf1 Nf5 38. Bxg3 Ra2 39. Bxd6+ Qxd6 40. g4 Bc4 0-1

[Event "European-ch Seniors 2018"]
[Site "Drammen"]
[Date "2018.08.12"]
[Round "9"]
[White "Vorotnikov, Vladislav V"]
[Black "Karason, Askell O"]
[Result "1/2-1/2"]
[ECO "A45"]
[WhiteElo "2445"]
[BlackElo "2217"]
[Annotator "NA RC"]
[PlyCount "25"]
[EventDate "2018.08.04"]
[EventType "swiss"]
[EventCountry "NOR"]
[SourceTitle "playchess.com"]
[Source "ChessBase"]
[SourceQuality "1"]
[TimeControl "40/5400+30:1800+30"]

1. d4 Nf6 2. Nc3 d5 3. Bf4 a6 4. e3 e6 5. Nf3 {[%emt 0:02:04] LiveBook: 53 Partien} c5 $11 6. a3 Nc6 7. h3 Bd6 8. dxc5 Bxc5 9. Bd3 Bd6 10. Bxd6 Qxd6 11. e4 d4 12. Ne2 e5 13. c3 1/2-1/2

[Event "European-ch Seniors 2018"]
[Site "Drammen"]
[Date "2018.08.12"]
[Round "9"]
[White "Blomstrom, Lars"]
[Black "Van den Bersselaar, Henri"]
[Result "1/2-1/2"]
[ECO "A06"]
[WhiteElo "2167"]
[BlackElo "1897"]
[Annotator "NA"]
[PlyCount "49"]
[EventDate "2018.08.04"]
[EventType "swiss"]
[EventCountry "NOR"]
[SourceTitle "playchess.com"]
[Source "ChessBase"]
[SourceQuality "1"]
[TimeControl "40/5400+30:1800+30"]

1. Nf3 d5 2. g3 Nf6 3. Bg2 e6 4. O-O c5 5. d3 Be7 6. Nbd2 Nc6 7. e4 dxe4 8. dxe4 O-O 9. Re1 Qc7 10. c3 b6 11. Qe2 Rd8 12. e5 Nd7 13. Nf1 Nf8 14. h4 Bb7 15. h5 Qd7 16. N1h2 Qd3 17. Qxd3 Rxd3 18. Bf1 Rd5 19. Bc4 Rd7 20. Bf4 Rad8 21. Be2 h6 22. Ng4 Nh7 23. Rad1 Na5 24. Rxd7 Rxd7 25. Rd1 1/2-1/2

[Event "European-ch Seniors 2018"]
[Site "Drammen"]
[Date "2018.08.12"]
[Round "9"]
[White "Ludviksson, Johannes"]
[Black "Furman, Boris"]
[Result "1-0"]
[ECO "D02"]
[WhiteElo "2024"]
[BlackElo "2242"]
[Annotator "NA RC"]
[PlyCount "93"]
[EventDate "2018.08.04"]
[EventType "swiss"]
[EventCountry "NOR"]
[SourceTitle "playchess.com"]
[Source "ChessBase"]
[SourceQuality "1"]
[TimeControl "40/5400+30:1800+30"]

1. Nf3 d5 2. d4 Nf6 3. Bf4 e6 4. e3 c5 5. c3 Nc6 6. Nbd2 Bd6 7. Bxd6 Qxd6 8. Bb5 O-O 9. O-O Nd7 10. a3 e5 11. dxe5 Ndxe5 12. Nxe5 Qxe5 13. Nf3 Qh5 14. Qa4 Bd7 15. Rad1 Rfe8 16. Qf4 Bg4 17. Be2 Re4 18. Qg3 Ne7 19. h3 Be6 20. Qd6 Ng6 21. Nd4 Qg5 22. Nxe6 fxe6 23. Bd3 Rh4 24. Qxe6+ Kh8 25. Bxg6 hxg6 26. Rxd5 Qf6 27. Qxf6 gxf6 28. Rfd1 Re4 29. Rd8+ Re8 30. R8d7 b6 31. Kf1 g5 32. R1d6 Rf8 33. Ke2 Kg8 34. Re7 Rf7 35. Red7 Kg7 36. e4 Kg6 37. Ke3 Rff8 38. Re6 Rf7 39. Rdd6 g4 40. hxg4 Kg5 41. Kf3 Rh8 42. Rd5+ Kg6 43. g5 Rh1 44. Rxf6+ Rxf6+ 45. gxf6 Kxf6 46. Rd7 Rb1 47. Rd2 1-0

[Event "European-ch Seniors 2018"]
[Site "Drammen"]
[Date "2018.08.12"]
[Round "9"]
[White "Johnsen, Sylvia"]
[Black "Wagner-Michel, Annett"]
[Result "1/2-1/2"]
[ECO "B30"]
[WhiteElo "1977"]
[BlackElo "2120"]
[Annotator "NA"]
[PlyCount "149"]
[EventDate "2018.08.04"]
[EventType "swiss"]
[EventCountry "NOR"]
[SourceTitle "playchess.com"]
[Source "ChessBase"]
[SourceQuality "1"]
[TimeControl "40/5400+30:1800+30"]

1. e4 c5 2. Nf3 Nc6 3. c3 d5 4. exd5 Qxd5 5. d4 e6 6. Be3 cxd4 7. cxd4 Nf6 8. Nc3 Qd8 9. Bd3 Be7 10. O-O O-O {[%emt 0:00:08] B22: Sizilianisch (Alapin 2.c3)} 11. Ne5 (11. Rc1 Nb4 12. Bb1 b6 13. Bg5 Bb7 14. Ne5 Rc8 15. Re1 Nfd5 16. Qh5 f5 17. Bd2 Nc6 18. Nxc6 Rxc6 19. a3 Nxc3 20. Bxc3 {0-1 (58) Nabaty,T (2579)-Nakamura,H (2776) Caleta 2015}) 11... Nb4 12. Bb1 Bd7 13. a3 Nbd5 14. Qd3 g6 $146 ({Vorgänger:} 14... Bc6 15. Bg5 g6 16. Nxc6 bxc6 17. Rd1 Qb8 18. Ba2 {0-1 (41) Ridameya Tatche,J (2169)-Gonzalez Vidal,Y (2487) Barbera del Valles 2004}) 15. Bh6 Re8 16. Ba2 Bc6 17. Rfe1 Rc8 18. Nxc6 Rxc6 19. Nxd5 Nxd5 20. Be3 Qd6 21. Rad1 Rd8 22. Qe2 Bf6 23. Bb3 a6 24. Qf3 Bg7 25. h3 b5 26. Bg5 Rd7 27. Rd3 h6 28. Bd2 Qc7 29. g4 Qd8 30. Bc3 Rcd6 31. Red1 Qf6 32. Qe4 Qh4 33. f4 f5 34. Qf3 fxg4 35. hxg4 h5 36. gxh5 Nxf4 37. R3d2 Nh3+ 38. Kg2 Nf4+ 39. Kg1 Qg5+ 40. Kh1 Qxh5+ 41. Qxh5 Nxh5 42. Kg2 Nf4+ 43. Kf3 Rf7 44. Ba5 Nd5+ 45. Ke2 Bh6 46. Rc2 Kg7 47. Rc8 Nf4+ 48. Kf3 Nd3+ 49. Ke2 Nxb2 50. Bc7 Bf4 51. Bxd6 Nxd1 52. Bxe6 Bxd6 53. Bxf7 Kxf7 54. Kxd1 Bxa3 55. Ra8 Bb2 56. d5 Be5 57. Rxa6 b4 58. Rb6 Bc3 59. Ke2 g5 60. Kd3 g4 61. Re6 g3 62. Re2 Bf6 63. Kc4 Be7 64. Kb5 b3 65. Kc4 Kf6 66. Kxb3 Bf8 67. Kc4 Kf5 68. Re8 Bd6 $11 69. Kb5 Kf4 70. Kc6 Be5 71. Rf8+ Ke3 72. d6 Bxd6 73. Kxd6 g2 74. Rg8 Kf2 75. Rxg2+ 1/2-1/2